 Dungeon Crawl Stone Soup version 0.32-a0-329-ge6c31236d6 (webtiles) character file.

Game seed: 1829889392954993830

319 DApurpleWHUMPUS the Magician (level 6, -4/32 HPs)
             Began as a Deep Elf Fire Elementalist on Feb 13, 2024.
             Incinerated by a bombardier beetle (5 damage)
             ... with a burning spray
             ... on level 4 of the Dungeon on Feb 16, 2024.
             The game lasted 00:10:43 (2695 turns).

DApurpleWHUMPUS the Magician (DEFE)                 Turns: 2695, Time: 00:10:43

Health: -4/32      AC:  3    Str:  5    XL:     6   Next: 21%
Magic:  12/15      EV: 13    Int: 22    God:
Gold:   186        SH:  0    Dex: 15    Spells: 12/15 levels left

rFire   . . .        (no weapon)
rCold   . . .        (no shield)
rNeg    . . .        a - +0 robe
rPois   .            (no helmet)
rElec   .            q - +0 cloak
rCorr   .            (no gloves)
SInv    .            (no boots)
Will    .....        (no amulet)
Stlth   +            (no ring)
HPRegen 0.25/turn    (no ring)
MPRegen 0.14/turn

%: no passive effects
@: confused, brilliant, on fire, ambrosia-drunk, glowing
A: no striking features
a: no special abilities


You were on level 4 of the Dungeon.
You visited 1 branch of the dungeon, and saw 4 of its levels.

You collected 186 gold pieces.

Inventory:

Missiles
 j - a throwing net
Armour
 a - a +0 robe (worn)
 q - a +0 cloak (worn)
 r - a +2 pair of boots of stealth
Jewellery
 h - a ring of resist corrosion
Scrolls
 d - 4 scrolls of identify {unknown}
 i - a scroll of blinking {unknown}
 k - a scroll of fear {unknown}
 l - a scroll of teleportation {unknown}
 o - a scroll of noise {unknown}
 s - a scroll of immolation {unknown}
 u - a scroll of amnesia {unknown}
Potions
 e - a potion of ambrosia
 f - 2 potions of cancellation {unknown}
 g - 2 potions of resistance {unknown}
 m - a potion of enlightenment {unknown}
 n - a potion of haste {unknown}
 p - a potion of mutation {unknown}
 t - a potion of might {unknown}


   Skills:
 - Level 3.4 Dodging
 - Level 3.6 Stealth
 + Level 5.1 Spellcasting
 + Level 3.5 Conjurations
 + Level 4.8 Fire Magic


You had 12 spell levels left.
You knew the following spells:

 Your Spells              Type           Power      Damage    Failure   Level
a - Foxfire               Conj/Fire      100%       2x1d9     1%          1
b - Scorch                Fire           80%        2d8       1%          2

Your spell library contained the following spells:

 Spells                   Type           Power      Damage    Failure   Level
 Static Discharge         Conj/Air       40%        3-5/arc   8%          2
 Inner Flame              Hex/Fire       24%        N/A       11%         3
 Volatile Blastmotes      Fire/Tloc      48%        2d14      11%         3
 Flame Wave               Conj/Fire      36%        2d10      19%         4
 Fulminant Prism          Conj/Alch      10%        3d9       43%         4
 Iskenderun's Mystic Bla  Conj/Tloc      20%        2d6       43%         4
 Airstrike                Air            4%         2d(1-17)  69%         4
 Summon Lightning Spire   Summ/Air       8%         N/A       69%         4


Dungeon Overview and Level Annotations

Branches:
Dungeon (4/15)
 Temple: D:4-7

Altars:
Elyvilon
Qazlal


Message History

The bombardier beetle sprays incendiary fluid at you.
The burning spray hits you.
You are covered in liquid fire!
You conjure some foxfire!
The liquid fire burns you!
The foxfire hits the bombardier beetle.
The bombardier beetle is almost dead.
You conjure some foxfire!
The liquid fire burns you!
The foxfire hits the bombardier beetle.
The bombardier beetle is almost dead.
The liquid fire burns you!
The foxfire hits the bombardier beetle but does no damage.
The bombardier beetle is almost dead.
The foxfire hits the bombardier beetle.
You kill the bombardier beetle!
You are on fire!
You are on fire!
You are on fire!
You are on fire!
You are on fire!
You are on fire!
You are on fire!
You are on fire!
You are on fire!
The liquid fire burns you! The liquid fire burns you!
The liquid fire burns you! The liquid fire burns you!
* * * LOW HITPOINT WARNING * * *
Okay, then.
It was a potion of brilliance.
You feel clever all of a sudden. The liquid fire burns you!
* * * LOW HITPOINT WARNING * * *
It was a potion of ambrosia.
You are confused.
You feel invigorated. The liquid fire burns you!
You die...

#.###... #.#..†.#
#.#.... #.#...
#### #.#.. # #.
#.... #.#.# .##...
#.....#.#.##......
#............†..#
#.....#..#@...#.#
#.....#.##.#..#
##### #..... ...>
....#.. ...# .....
... .## #.....
=... #
#.........##
.....[ ...#


There were no monsters in sight!

Vanquished Creatures
  A bombardier beetle (D:4)
  2 hounds (D:3)
  Crazy Yiuf (D:2)
  2 orc wizards (D:4)
  A gnoll (D:3)
  An adder (D:2)
  2 ribbon worms (D:2)
  A dart slug (D:2)
  An orc (D:4)
  6 bats
  5 endoplasms
  5 giant cockroaches
  5 goblins
  12 hobgoblins
  6 jackals (D:1)
  2 kobolds
  4 quokkas
  3 ball pythons
  4 frilled lizards
  6 rats
70 creatures vanquished.

Vanquished Creatures (collateral kills)
  2 foxfires (D:3)
2 creatures vanquished.

Vanquished Creatures (others)
  155 foxfires
155 creatures vanquished.

Grand Total: 227 creatures vanquished

Notes
Turn   | Place    | Note
-------+----------+-------------------------------------------
     0 | D:1      | DApurpleWHUMPUS the Deep Elf Fire Elementalist began the
                  | quest for the Orb.
     0 | D:1      | Reached XP level 1. HP: 10/10 MP: 6/6
   178 | D:1      | Reached XP level 2. HP: 6/15 MP: 1/8
   280 | D:1      | Found a faded altar of an unknown god.
   472 | D:1      | Reached XP level 3. HP: 19/19 MP: 7/9
   927 | D:2      | Reached XP level 4. HP: 24/24 MP: 8/11
  1198 | D:2      | Found a runed translucent door.
  1199 | D:2      | Noticed Crazy Yiuf
  1713 | D:2      | Learned a level 2 spell: Scorch
  1716 | D:2      | Killed Crazy Yiuf
  1717 | D:2      | Reached skill level 4 in Spellcasting
  1915 | D:2      | Upgraded the game from 0.32-a0-290-g598725c5f2 to
                  | 0.32-a0-329-ge6c31236d6
  2061 | D:3      | Found a stormy altar of Qazlal.
  2107 | D:3      | Reached XP level 5. HP: 28/28 MP: 10/13
  2253 | D:3      | Found a white marble altar of Elyvilon.
  2583 | D:4      | Reached skill level 5 in Spellcasting
  2583 | D:4      | Reached XP level 6. HP: 31/32 MP: 9/15
  2694 | D:4      | HP: 1/32 [burnt (4)]
  2695 | D:4      | Incinerated by a bombardier beetle

Illustrated notes

Levels and vault maps discovered:
D:1:      dpeg_arrival_fog, layout_rooms, hellmonk_ecumenical_altar_dog_temple
D:2:      layout_loops_ring, minmay_pentomino_q2, uniq_crazy_yiuf_cottage
D:3:      layout_rooms, mainiacjoe_overflow_alcove_4,
          mainiacjoe_overflow_tiny_flanked, cheibrodos_gnoll_hut
D:4:      layout_rooms, serial_shops, shop_fountains, uniq_blork_the_orc

Skill      XL: |  1  2  3  4  5 |
---------------+----------------+-----
Stealth        | 3 |  3.6
Dodging        | 3 |  3.4
Conjurations   | 2 3 |  3.5
Spellcasting   | 4 5 |  5.1
Fire Magic     | 4 |  4.8

Action                     |  1- 3 |  4- 6 || total
---------------------------+-------+-------++-------
  Melee: Unarmed           |    10 |       ||    10
   Cast: Foxfire           |    56 |    81 ||   137
         Scorch            |       |    10 ||    10
    Use: Potion            |       |     3 ||     3
 Armour: Robe              |    27 |    12 ||    39
  Dodge: Dodged            |    50 |    12 ||    62

Table legend: (Time is in decaauts)
 A = Elapsed time spent in this place.
 B = Non-inter-level travel time spent in this place.
 C = Inter-level travel time spent in this place.
 D = Time resting spent in this place.
 E = Time spent auto-exploring this place.
 F = Levels seen in this place.
 G = Mean time per level.
                   A        B        C        D        E       F      G
               +--------+--------+--------+--------+--------+-----+--------+
         Total |   2694 |   2548 |    146 |    125 |   1896 |   4 |  673.5 |
       Dungeon |   2694 |   2548 |    146 |    125 |   1896 |   4 |  673.5 |
               +--------+--------+--------+--------+--------+-----+--------+

Top non-repeatable levels by time:
     D:2: 1295 daAuts
     D:3: 648 daAuts
     D:1: 624 daAuts
     D:4: 125 daAuts
